 Dungeon Crawl Stone Soup version 0.27.1-33-g824d729ab1 (webtiles) character file.

Game seed: 11131615770662886846

58 hamarrboo the Magician (level 4, -2/30 HPs)
             Began as a Human Hedge Wizard on Dec 4, 2021.
             Was a Plaything of Xom.
             Slain by an adder (4 damage)
             ... on level 2 of the Dungeon.
             The game lasted 00:11:21 (2677 turns).

hamarrboo the Magician (Human Hedge Wizard)         Turns: 2677, Time: 00:11:21

Health: -2/30      AC:  2    Str: 11    XL:     4   Next: 20%
Magic:  5/10       EV: 12    Int: 15    God:    Xom [.*....]
Gold:   50         SH:  0    Dex: 12    Spells: 6/11 levels left

rFire    . . .     SeeInvis .   a - +0 dagger
rCold    . . .     Faith    .   (no shield)
rNeg     . . .     Spirit   .   b - +0 robe
rPois    .         Reflect  .   c - +0 hat
rElec    .         Harm     .   (no cloak)
rCorr    .         Rampage  .   (no gloves)
Will     .....                  (no boots)
Stlth    ++........             (no amulet)
HPRegen  0.10/turn              (no ring)
MPRegen  0.12/turn              (no ring)

@: lethally poisoned (-2 -> -3)
A: no striking features
a: Renounce Religion


You were on level 2 of the Dungeon.
You worshipped Xom.
You were a plaything of Xom.
You visited 1 branch of the dungeon, and saw 3 of its levels.

You collected 50 gold pieces.

Inventory:

Hand Weapons
 a - a +0 dagger (weapon)
Armour
 b - a +0 robe (worn)
 c - a +0 hat (worn)
Jewellery
 l - a +6 ring of strength
Scrolls
 d - a scroll of acquirement {unknown}
 f - 3 scrolls of identify {unknown}
 g - 2 scrolls of fear {unknown}
 k - a scroll of enchant armour {unknown}
 m - 3 scrolls of teleportation {unknown}
Potions
 e - 2 potions of lignification {unknown}
 h - a potion of invisibility {unknown}
 i - a potion of degeneration {unknown}
 j - 2 potions of curing {unknown}
 n - a potion of heal wounds {unknown}


   Skills:
 + Level 2.3 Dodging
 + Level 2.1 Stealth
 + Level 4.0 Spellcasting
 + Level 1.5 Conjurations
 + Level 1.2 Summonings
 + Level 1.0 Translocations


You had 6 spell levels left.
You knew the following spells:

 Your Spells              Type           Power      Damage    Failure   Level
a - Magic Dart            Conj           28%        1d4       10%         1
b - Blink                 Tloc           N/A        N/A       19%         2
c - Call Imp              Summ           6%         N/A       16%         2

Your spell library contained the following spells:

 Spells                   Type           Power      Damage    Failure   Level
 Summon Small Mammal      Summ           24%        N/A       11%         1
 Slow                     Hex            3%         N/A       26%         2
 Call Canine Familiar     Summ           6%         N/A       32%         3
 Conjure Flame            Conj/Fire      5%         6-21      36%         3
 Summon Guardian Golem    Hex/Summ       4%         N/A       38%         3
 Mephitic Cloud           Conj/Pois/Air  4%         N/A       41%         3


Dungeon Overview and Level Annotations

Branches:
Dungeon (3/15)

Altars:
Trog
Xom


Message History

You climb upwards.
There is a stone staircase leading down here.
Casting: Magic Dart (safe; 10% risk of failure)
Confirm with . or Enter, or press ? or * to list all spells.
A beastly little devil appears in a puff of flame.
The adder barely misses you. The adder bites you.
You are poisoned.
The adder poisons you!
The magic dart hits the adder but does no damage.
You feel sick. The adder bites you.
You are more poisoned.
The adder poisons you!
Your crimson imp barely misses the adder.
The magic dart hits the adder.
The adder is lightly wounded.
You feel sick. The adder bites you.
Your crimson imp blinks!
The magic dart hits the adder but does no damage.
The adder is lightly wounded.
You feel sick. The adder barely misses you. The adder bites you.
The magic dart hits the adder.
The adder is moderately wounded.
You feel sick. The adder bites you.
You are more poisoned.
The adder poisons you!
* * * LOW HITPOINT WARNING * * *
You feel very sick.
* * * LOW HITPOINT WARNING * * *
You feel sick.
* * * LOW HITPOINT WARNING * * *
You feel sick. The adder misses you.
* * * LOW HITPOINT WARNING * * *
You feel sick.
* * * LOW HITPOINT WARNING * * *
You feel sick.
* * * LOW HITPOINT WARNING * * *
You feel sick.
* * * LOW HITPOINT WARNING * * *
You feel sick. The adder bites you.
You die...

###### .....#####
###.......#######
#........5.>5...########
#.#..._..###............
....(.....##.##.######..
#.##........[# # #..
#.#####S###### ######..
#.# #@# ........ #.# #.#
###.###. #.#####.#####
###.###. #...........#
#....... #..####.###.#
#.#.#### #..####.#
#.##### #)# #.....#>#
#.##... #.# ##.##.#.#
#.##..#.#.# #.##.#.#
#.##..#.#.####


You could see an adder (ally target) and a friendly crimson imp (summoned).

Vanquished Creatures
  A dart slug (D:2)
  4 bats
  4 endoplasms
  2 giant cockroaches
  3 goblins
  2 hobgoblins
  2 jackals (D:1)
  2 quokkas (D:2)
  5 ball pythons
  2 frilled lizards
  2 kobolds (D:1)
  3 rats
32 creatures vanquished.

Vanquished Creatures (collateral kills)
  Terence (D:2)
  An adder (D:2)
  A worm (D:2)
  A goblin (D:2)
  A ball python (D:2)
  A kobold (D:2)
6 creatures vanquished.

Vanquished Creatures (others)
  3 toadstools (D:3)
3 creatures vanquished.

Grand Total: 41 creatures vanquished

Notes
Turn   | Place    | Note
-------+----------+-------------------------------------------
     0 | D:1      | hamarrboo the Human Hedge Wizard began the quest for the
                  | Orb.
     0 | D:1      | Reached XP level 1. HP: 13/13 MP: 4/4
    31 | D:1      | Found a faded altar of an unknown god.
    33 | D:1      | Became a worshipper of Xom of Chaos
    85 | D:1      | XOM: potion effect (haste)
   115 | D:1      | XOM: divination: magic mapping
   165 | D:2      | XOM: divination: detect creatures
   398 | D:1      | XOM: divination: detect creatures
   571 | D:1      | Reached XP level 2. HP: 19/19 MP: 4/6
   631 | D:1      | XOM: 3-stop teleportation journey
   733 | D:1      | XOM: 3-stop teleportation journey
   852 | D:1      | Learned a level 2 spell: Blink
   855 | D:1      | Learned a level 2 spell: Call Imp
  1665 | D:2      | Reached XP level 3. HP: 24/24 MP: 5/8
  2466 | D:2      | Noticed Terence
  2471 | D:2      | Killed Terence
  2472 | D:2      | Reached skill level 4 in Spellcasting
  2472 | D:2      | Reached XP level 4. HP: 30/30 MP: 3/10
  2651 | D:2      | Found a bloodstained altar of Trog.
  2677 | D:2      | Slain by an adder

Illustrated notes

Levels and vault maps discovered:
D:1:      saegor_arrival_simple_b, layout_basic, ebering_ecumenical_altar_rust,
          supply_closet_lemuel, minmay_pentomino_v2
D:2:      layout_loops_ring, basic_altar, uniq_terence
D:3:      layout_basic, nicolae_tso_besieged_by_evil, minmay_gold_behind_fungi

Skill      XL: |  1  2  3 |
---------------+----------+-----
Spellcasting   | 4 |  4.0
Dodging        | |  2.3
Stealth        | |  2.1
Conjurations   | |  1.5
Summonings     | |  1.2
Translocations | |  1.0

Action                   |  1- 3 |  4- 6 || total
-------------------------+-------+-------++-------
Melee: Dagger            |    30 |     3 ||    33
 Cast: Magic Dart        |    72 |     8 ||    80
       Call Imp          |     9 |     3 ||    12
Armor: Robe              |    10 |       ||    10
Dodge: Dodged            |    31 |     8 ||    39
